 Dungeon Crawl Stone Soup version 0.23.0 (webtiles) character file.

Game seed: 1142725373764409848

1726 MeBeSleepy the Covered (level 8, 0/70 (71) HPs)
             Began as a Minotaur Fighter on Feb 9, 2019.
             Was a Follower of Ashenzari.
             Slain by an unseen horror (6 damage)
             ... on level 6 of the Dungeon.
             The game lasted 00:38:30 (4227 turns).

MeBeSleepy the Covered (Minotaur Fighter)           Turns: 4227, Time: 00:38:31

HP:   0/70 (71)     AC:  7    Str: 22    XL:     8   Next: 75%
MP:   7/7           EV:  9    Int:  5    God:    Ashenzari [*.....]
Gold: 459           SH: 11    Dex: 11    Spells: 7/7 levels left

rFire    . . .     SeeInvis .   s - +6 mace of Prudence {distort, rElec MR+}
rCold    . . .     Gourm    .   c - +1 shield
rNeg     . . .     Faith    .   b - +0 scale mail
rPois    +         Spirit   .   (helmet restricted)
rElec    +         Reflect  .   u - +1 cloak {rPois}
rCorr    +         Harm     .   (no gloves)
MR       +....                  (no boots)
Stlth    ..........             (no amulet)
HPRegen  0.21/turn              g - ring of resist corrosion
MPRegen  0.10/turn              (no ring)

@: lightly drained
A: retaliatory headbutt, horns 2, blurry vision 1, deformed body
a: Curse Item, Scrying, Renounce Religion


You were on level 6 of the Dungeon.
You worshipped Ashenzari.
Ashenzari was aware of your devotion.
You were not hungry.

You visited 1 branch of the dungeon, and saw 6 of its levels.

You collected 459 gold pieces.

Inventory:

Hand Weapons
 h - the +4 mace of the Apocalypse {venom, rPois Int+4 SInv Stlth+}
   (You found it on level 5 of the Dungeon)

   It poisons the flesh of those it strikes.
   It affects your intelligence (+4).
   It protects you from poison.
   It lets you see invisible.
   It makes you more stealthy.
 i - a +3 long sword
 k - a +2 mace of crushing
 s - the +6 mace of Prudence (weapon) {distort, rElec MR+}
   (You found it on level 5 of the Dungeon)

   It warps and distorts space around it.
   Unwielding it can cause banishment or high damage.
   It insulates you from electricity.
   It affects your resistance to hostile enchantments.
Armour
 b - a +0 scale mail (worn)
 c - a +1 shield (worn)
 u - a +1 cloak of poison resistance (worn)
Jewellery
 g - a ring of resist corrosion (left hand)
Scrolls
 e - 2 scrolls of teleportation
 l - a scroll of magic mapping
 p - 2 scrolls of remove curse
Potions
 d - 2 potions of might
 j - 2 potions of lignification
 m - a potion of resistance
 n - a potion of ambrosia {unknown}
 o - a potion of flight
 r - a potion of haste {unknown}
Comestibles
 f - 7 rations


   Skills:
 + Level 6.6(6.4) Fighting
 + Level 3.9(3.7) Long Blades
 + Level 7.1(7.0) Maces & Flails
 + Level 7.2(7.1) Armour
 + Level 2.9(2.8) Dodging
 + Level 0.6(0.4) Stealth
 + Level 6.8(6.7) Shields


You had 7 spell levels left.
You didn't know any spells.
Your spell library was empty.

Dungeon Overview and Level Annotations

Branches:
Dungeon (6/15)
 Temple: D:4-7

Altars:
Ashenzari
Kikubaaqudgha
Okawaru
Xom
Yredelemnul


Innate Abilities, Weirdness & Mutations

You reflexively headbutt those who attack you in melee.
You have a pair of horns on your head.
Scrolls take you a little longer to read.
Armour fits poorly on your strangely shaped body.


Message History

You feel drained. The wight freezes you.
You feel sick.
You are no longer poisoned.
Something hits you!
* * * LOW HITPOINT WARNING * * *
You block the wight's attack.
Found a ration.
You thump the wight!
You destroy the wight!
Something hits you but does no damage.
You hit something.
Space bends around something.
Something hits you but does no damage.
Your shield prevents you from hitting something.
Something hits you.
* * * LOW HITPOINT WARNING * * *
Something hits you!
* * * LOW HITPOINT WARNING * * *
Something hits you but does no damage. Something hits you.
You die...

#.# #.# .# #.# .#
#.# %# #.# .# #.#
######.######
##.#####............
#......)....).......
########..@{...#...
#...)...# #.......#
#....###.# #.....#
#.# #......# ##
#....... #......#


There were no monsters in sight!

Vanquished Creatures
  An ice beast (D:5)
  An ogre (D:4)
  A sky beast (D:6)
  2 necrophages
  A phantom (D:4)
  2 scorpions (D:6)
  5 wights (D:6)
  5 crimson imps
  3 orc priests
  A gnoll shaman (D:4)
  Crazy Yiuf (D:5)
  A hound (D:4)
  A centaur skeleton (D:6)
  2 iguanas
  4 orc wizards
  6 worker ants
  A hound skeleton (D:5)
  5 gnolls (D:4)
  4 adders
  A shadow imp (D:5)
  An ooze (D:1)
  An adder zombie (D:5)
  4 worms
  A dart slug (D:2)
  4 leopard geckos
  15 orcs
  2 ball pythons
  7 bats
  5 giant cockroaches
  5 goblins
  6 hobgoblins
  3 jackals (D:2)
  11 kobolds
  2 quokkas
  3 frilled lizards
  A quokka skeleton (D:6)
  A quokka zombie (D:5)
  4 rats
  A plant (D:5)
125 creatures vanquished.

Notes
Turn   | Place    | Note
-------+----------+-------------------------------------------
     0 | D:1      | MeBeSleepy the Minotaur Fighter began the quest for the
                  | Orb.
     0 | D:1      | Reached XP level 1. HP: 19/19 MP: 0/0
    48 | D:1      | Reached XP level 2. HP: 25/27 MP: 1/1
   188 | D:1      | Found a shattered altar of Ashenzari.
   214 | D:1      | Became a worshipper of Ashenzari the Shackled
   535 | D:1      | Reached XP level 3. HP: 33/33 MP: 2/2
   836 | D:2      | Reached XP level 4. HP: 39/40 MP: 3/3
  1228 | D:3      | Reached skill level 1 in Maces & Flails
  1237 | D:3      | Reached XP level 5. HP: 43/47 MP: 4/4
  1358 | D:3      | Reached * piety under Ashenzari
  1643 | D:3      | Found an iron altar of Okawaru.
  1645 | D:3      | Found an ancient bone altar of Kikubaaqudgha.
  1923 | D:4      | Noticed an ogre
  1938 | D:4      | Killed an ogre
  1938 | D:4      | Reached skill level 1 in Dodging
  1938 | D:4      | Reached skill level 5 in Shields
  1938 | D:4      | Reached XP level 6. HP: 21/53 MP: 5/5
  1956 | D:4      | Reached skill level 5 in Armour
  2401 | D:4      | Reached XP level 7. HP: 51/60 MP: 6/6
  2437 | D:4      | Reached skill level 5 in Fighting
  2596 | D:5      | Entered Level 5 of the Dungeon
  2627 | D:5      | Found a shimmering altar of Xom.
  2751 | D:5      | Found a basalt altar of Yredelemnul.
  2826 | D:5      | Reached skill level 5 in Maces & Flails
  3069 | D:5      | Reached XP level 8. HP: 14/70 MP: 7/7
  3160 | D:5      | Found a runed translucent door.
  3169 | D:5      | Got the mace of the Apocalypse {venom, rPois Int+4 SInv
                  | Stlth+}
  3175 | D:5      | Got the mace of Prudence {distort, rElec MR+}
  3205 | D:5      | Noticed Crazy Yiuf
  3230 | D:5      | Identified the +4 mace of the Apocalypse {venom, rPois
                  | Int+4 SInv Stlth+} (You found it on level 5 of the Dungeon)
  3231 | D:5      | Identified the +6 mace of Prudence {distort, rElec MR+}
                  | (You found it on level 5 of the Dungeon)
  3246 | D:5      | Killed Crazy Yiuf
  3303 | D:5      | Gained mutation: Armour fits poorly on your strangely
                  | shaped body. [mutagenic glow]
  3324 | D:5      | Gained mutation: Scrolls take you a little longer to read.
                  | [mutagenic glow]
  3829 | D:6      | HP: 1/69 [iguana (12)]
  4227 | D:6      | Slain by an unseen horror

Skill      XL: |  1  2  3  4  5  6  7  8 |
---------------+-------------------------+-----
Shields        | 4 5 6 |  6.8
Fighting       | 4 5 6 |  6.6
Armour         | 4 5 6 7 |  7.2
Long Blades    | 3 |  3.9
Maces & Flails | 1 2 4 5 7 |  7.1
Dodging        | 1 2 |  2.9
Stealth        | |  0.6

Action                   |  1- 3 |  4- 6 |  7- 9 || total
-------------------------+-------+-------+-------++-------
Melee: Long sword        |    37 |       |       ||    37
       Headbutt          |     9 |    19 |    38 ||    66
       Mace              |    40 |   111 |   177 ||   328
  Use: Scroll            |     3 |     5 |     2 ||    10
       Potion            |       |     2 |     7 ||     9
  Eat: Ration            |       |     2 |     2 ||     4
Armor: Scale mail        |    50 |    37 |    48 ||   135
Dodge: Dodged            |    34 |    48 |    46 ||   128
Block: Shield            |    51 |    68 |    81 ||   200
       Rpst.: Long sword |     4 |       |       ||     4
